AoeStats
← bani4bani

Arabia

510137545Analyzed
1v1 RM · 3d ago on Sep 29, 2026· 30m 43s· 2 players
Game mode
Random Map
Map size
Tiny (2 player)
Population
200
Speed
Normal
Resources
Standard
Victory
Conquest
Starting age
Dark Age
Ending age
Imperial Age
RankedLock teamsTeams togetherTeam positionsShared explorationLock speedFull tech treeHidden civsTurbo modeCheats
Victory
Defeat
🇦🇷 Danes · Argentina
745
+16
🇶🇦 Lithuanians · Qatar
752
-16
Mari-Mari
8:40 Loom
10:38 Feudal Age
8:54 Loom
16:57 Castle Age
17:18 Double-Bit Axe
20:09 Horse Collar
21:32 Forging
21:48 Heavy Plow
21:58 Gambesons
23:11 Bow Saw
22:49 Hamask
26:36 Scale Mail Armor
28:46 Iron Casting
30:59 Wheelbarrow
bani4bani
6:41 Loom
10:52 Feudal Age
11:44 Double-Bit Axe
21:18 Castle Age
20:17 Bloodlines
20:35 Gold Mining
21:34 Padded Archer Armor
21:38 Stone Mining
22:59 Town Watch
22:43 Elite Skirmisher
28:27 Leather Archer Armor
28:00 Crossbowman
29:04 Squires
Connection lost

Rejoining the realm…

Still unreachable

The connection could not be restored.

Session expired

The server has moved on; the page needs a fresh start.